 Dungeon Sprint DCSS version 0.29-a0-330-g52719c12eb (webtiles) character file.

Game seed: 2669133799822381773

43247 jt the Worldbinder (level 13, -11/69 HPs)
             Began as a Felid Summoner on May 10, 2022.
             Was an Initiate of Gozag.
             Mangled by a hellephant (41 damage)
             ... in the Dungeon (Sprint VII: "The Pits") on May 11, 2022.
             The game lasted 01:23:57 (9494 turns).

jt the Worldbinder (Felid Summoner)                 Turns: 9494, Time: 01:23:59

Health: -11/69     AC:  3    Str:  4    XL:     13   Next: 89%
Magic:  3/43       EV: 23    Int: 29    God:    Gozag
Gold:   5007       SH:  5    Dex:  8    Spells: 6/45 levels left
                                        Lives:  0   Deaths: 2

rFire   + + .      SeeInvis +     - Unarmed
rCold   + . .      Faith    .   (shield unavailable)
rNeg    . . .      Spirit   .   (body armour unavailable)
rPois   +          Reflect  +   (helmet unavailable)
rElec   .          Harm     .   (cloak unavailable)
rCorr   .          Rampage  .   (gloves unavailable)
Will    ++++.      NoTele   +   (boots unavailable)
Stlth   ++........              Q - amulet of Ylides {Reflect Int+8 Dex-5 SH+5}
HPRegen 0.21/turn               n - ring "Fixu" {rF++ Will++ MP+9 Dex-4}
MPRegen 0.28/turn               R - ring "Qadwisoi" {rPois Will+}

@: gold aura, quick
A: very small, claws 1, fangs 3, see invisible, speed 1, shaggy fur 3, stealthy
paws, no weapons or thrown items, no armour, multi-lived
a: Renounce Religion, Potion Petition, Call Merchant, Bribe Branch


You were in the Dungeon.
You worshipped Gozag.
Gozag was greatly pleased with you.
You visited 1 branch You collected 22321 gold pieces.
You spent 4675 gold pieces at shops.
You paid 12639 gold pieces to Gozag.

Inventory:

Jewellery
 i - the ring of Coejoh {EV+6 Str+4}
   (You found it in the Dungeon)

   [ring of evasion]

   EV:        It affects your evasion (+6).
   Str:       It affects your strength (+4).
 n - the ring "Fixu" (left paw) {rF++ Will++ MP+9 Dex-4}
   (You bought it in a shop in the Dungeon)

   [ring of magical power]

   Dex:       It affects your dexterity (-4).
   rF:        It greatly protects you from fire.
   MP:        It affects your magic capacity (+9).
   Will:      It greatly increases your willpower.
 q - the ring "Cihiud" {AC+6 Str+4 Int-5 Dex+3 SInv}
   (You found it in the Dungeon)

   [ring of protection]

   AC:        It affects your AC (+6).
   Str:       It affects your strength (+4).
   Int:       It affects your intelligence (-5).
   Dex:       It affects your dexterity (+3).
   SInv:      It lets you see invisible.
 t - the ring "Dusim" {Fly rN+ Dex+10 Slay+4 Stlth-}
   (You bought it in a shop in the Dungeon)

   [ring of slaying]

   Dex:       It affects your dexterity (+10).
   Slay:      It affects your accuracy & damage with ranged weapons and melee
   (+4).
   rN:        It protects you from negative energy.
   Fly:       It grants you flight.
   Stlth:     It makes you less stealthy.
 u - the ring of Jephamuila {Fire *Slow rPois rN++ rCorr}
   (You found it in the Dungeon)

   [ring of fire]

   It enhances your fire magic.
   rF:        It protects you from fire.
   rC:        It makes you vulnerable to cold.
   rPois:     It protects you from poison.
   rN:        It greatly protects you from negative energy.
   rCorr:     It protects you from acid and corrosion.
   *Slow:     It may slow you when you take damage.
 F - the amulet of the Scavenger {RegenMP rF+ Slay+2}
   (You found it in the Dungeon)

   [amulet of magic regeneration]

   It increases your rate of magic regeneration.
   Slay:      It affects your accuracy & damage with ranged weapons and melee
   (+2).
   rF:        It protects you from fire.
 G - the amulet "Tixeofabo" {RegenMP rElec rCorr Dex-3 SInv}
   (You found it in the Dungeon)

   [amulet of magic regeneration]

   It increases your rate of magic regeneration.
   Dex:       It affects your dexterity (-3).
   rElec:     It insulates you from electricity.
   SInv:      It lets you see invisible.
   rCorr:     It protects you from acid and corrosion.
 H - the amulet of Eternity {RegenMP rCorr Str-3 Int+7 Dex-2}
   (You found it in the Dungeon)

   [amulet of magic regeneration]

   It increases your rate of magic regeneration.
   Str:       It affects your strength (-3).
   Int:       It affects your intelligence (+7).
   Dex:       It affects your dexterity (-2).
   rCorr:     It protects you from acid and corrosion.
 I - the amulet of Etinatyi {Reflect +Inv Str+7 Int-2 Dex-2 SH+5}
   (You found it in the Dungeon)

   [amulet of reflection]

   It reflects blocked missile attacks.
   Str:       It affects your strength (+7).
   Int:       It affects your intelligence (-2).
   Dex:       It affects your dexterity (-2).
   +Inv:      It lets you turn invisible.
   SH:        It affects your SH (+5).
 J - the ring "Cath" {rF+ Will+ Str+6 Int+4}
   (You found it in the Dungeon)

   [ring of strength]

   Str:       It affects your strength (+6).
   Int:       It affects your intelligence (+4).
   rF:        It protects you from fire.
   Will:      It increases your willpower.
 K - the amulet "Devei" {rC+ rN+ Regen+ Slay-6}
   (You found it in the Dungeon)

   [amulet of regeneration]

   Slay:      It affects your accuracy & damage with ranged weapons and melee
   (-6).
   rC:        It protects you from cold.
   rN:        It protects you from negative energy.
   Regen:     It increases your rate of health regeneration.
 L - the ring of the Keeping King {rF+ Int+2}
   (You found it in the Dungeon)

   [ring of protection from fire]

   Int:       It affects your intelligence (+2).
   rF:        It protects you from fire.
 M - the ring "Beutahuhes" {Str+4 Dex+3 SInv}
   (You found it in the Dungeon)

   [ring of see invisible]

   Str:       It affects your strength (+4).
   Dex:       It affects your dexterity (+3).
   SInv:      It lets you see invisible.
 N - the ring "Loxothrach" {Drain rC+ rCorr Slay+5}
   (You found it in the Dungeon)

   [ring of slaying]

   Slay:      It affects your accuracy & damage with ranged weapons and melee
   (+5).
   rC:        It protects you from cold.
   rCorr:     It protects you from acid and corrosion.
   Drain:     It drains your maximum health when unequipped.
 O - the ring "Riolon" {rElec rN+ Str-4 Dex+2}
   (You found it in the Dungeon)

   [ring of positive energy]

   Str:       It affects your strength (-4).
   Dex:       It affects your dexterity (+2).
   rElec:     It insulates you from electricity.
   rN:        It protects you from negative energy.
 P - the ring of the King {rF+ rN+ Will+ AC+4 Dex+2}
   (You found it in the Dungeon)

   [ring of protection]

   AC:        It affects your AC (+4).
   Dex:       It affects your dexterity (+2).
   rF:        It protects you from fire.
   rN:        It protects you from negative energy.
   Will:      It increases your willpower.
 Q - the amulet of Ylides (around neck) {Reflect Int+8 Dex-5 SH+5}
   (You found it in the Dungeon)

   [amulet of reflection]

   It reflects blocked missile attacks.
   Int:       It affects your intelligence (+8).
   Dex:       It affects your dexterity (-5).
   SH:        It affects your SH (+5).
 R - the ring "Qadwisoi" (right paw) {rPois Will+}
   (You found it in the Dungeon)

   [ring of poison resistance]

   rPois:     It protects you from poison.
   Will:      It increases your willpower.
 S - the ring of Equilibrium {Wiz rElec Will- rCorr Dex+4}
   (You found it in the Dungeon)

   [ring of wizardry]

   It improves your spell success rate.
   Dex:       It affects your dexterity (+4).
   rElec:     It insulates you from electricity.
   rCorr:     It protects you from acid and corrosion.
   Will:      It decreases your willpower.
 V - the ring "Riess" {Fly rN+ EV+6 Dex+3}
   (You found it in the Dungeon)

   [ring of evasion]

   EV:        It affects your evasion (+6).
   Dex:       It affects your dexterity (+3).
   rN:        It protects you from negative energy.
   Fly:       It grants you flight.
 X - the ring of the Country {rF+ rN+}
   (You found it in the Dungeon)

   [ring of positive energy]

   rF:        It protects you from fire.
   rN:        It protects you from negative energy.
Wands
 A - a wand of paralysis (20)
 E - a wand of charming (5)
Scrolls
 f - 2 scrolls of blinking
 h - 4 scrolls of amnesia
 j - 2 scrolls of vulnerability
 p - a scroll of summoning
 v - 3 scrolls of fog
 w - 4 scrolls of fear
 D - 2 scrolls of identify
Potions
 a - 11 potions of magic
 b - 9 potions of curing
 c - 28 potions of heal wounds
 d - 7 potions of haste
 e - 3 potions of berserk rage
 g - 3 potions of invisibility
 k - 4 potions of might
 m - 2 potions of resistance
 r - 6 potions of brilliance
 s - 4 potions of mutation
 x - a potion of lignification
Miscellaneous
 l - a lightning rod (inert)
 o - a condenser vane
 z - a tin of tremorstones (2/2)
 B - a box of beasts


   Skills:
 + Level 15.5 Fighting
 - Level 19.2 Dodging
 - Level 2.6 Stealth
 - Level 15.0 Unarmed Combat
 + Level 16.6 Spellcasting
 - Level 8.0 Hexes
 + Level 25.1 Summonings
 - Level 10.0 Translocations
 + Level 4.6 Transmutations
 + Level 10.5 Air Magic
 + Level 10.8 Evocations


You had 6 spell levels left.
You knew the following spells:

 Your Spells              Type           Power      Damage    Failure   Level
a - Blink                 Tloc           100%       N/A       1%          2
b - Call Imp              Summ           100%       N/A       0%          2
c - Call Canine Familiar  Summ           100%       N/A       0%          3
d - Summon Guardian Gole  Hex/Summ       88%        N/A       0%          3
e - Summon Lightning Spi  Summ/Air       91%        N/A       0%          4
f - Tukima's Dance        Hex            63%        N/A       1%          3
g - Summon Mana Viper     Hex/Summ       88%        N/A       1%          5
h - Monstrous Menagerie   Summ           53%        N/A       1%          7
i - Summon Forest         Summ/Tloc      45%        N/A       1%          5
j - Yara's Violent Unrav  Hex/Tmut       28%        3d12      4%          5

Your spell library contained the following spells:

 Spells                   Type           Power      Damage    Failure   Level
 Summon Small Mammal      Summ           100%       N/A       0%          1
 Freeze                   Ice            96%        1d11      1%          1
 Pain                     Necr           96%        1d8       1%          1
 Shock                    Conj/Air       100%       1d9       1%          1
 Slow                     Hex            100%       N/A       1%          1
 Ensorcelled Hibernation  Hex/Ice        94%        N/A       1%          2
 Passwall                 Tmut/Erth      30%        N/A       1%          2
 Poisonous Vapours        Pois/Air       100%       N/A       1%          2
 Confusing Touch          Hex            63%        N/A       1%          3
 Lesser Beckoning         Tloc           70%        N/A       1%          3
 Swiftness                Air            71%        N/A       1%          3
 Summon Ice Beast         Ice/Summ       77%        N/A       1%          4
 Manifold Assault         Tloc           70%        N/A       1%          5
 Spider Form              Tmut/Pois      37%        N/A       2%          3
 Searing Ray              Conj           48%        2d6       3%          2
 Ignite Poison            Fire/Tmut/Pois 32%        N/A       3%          3
 Anguish                  Hex/Necr       23%        N/A       3%          4
 Leda's Liquefaction      Hex/Erth       23%        N/A       3%          4
 Frozen Ramparts          Ice            48%        1d6       6%          3
 Vampiric Draining        Necr           24%        2d7       6%          3
 Petrify                  Tmut/Erth      37%        N/A       8%          4
 Freezing Cloud           Conj/Ice/Air   22%        6-21      13%         5
 Animate Dead             Necr           12%        N/A       19%         4
 Hailstorm                Conj/Ice       24%        3d7       19%         4
 Alistair's Intoxication  Tmut/Pois      24%        N/A       21%         5
 Borgnjor's Vile Clutch   Necr/Erth      12%        N/A       47%         5
 Eringya's Noxious Bog    Tmut/Pois      18%        N/A       75%         6
 Simulacrum               Ice/Necr       12%        N/A       96%         6
 Summon Hydra             Summ           53%        N/A       1%          7
 Haunt                    Necr/Summ      38%        N/A       10%         7
 Enfeeble                 Hex            31%        N/A       52%         7
 Storm Form               Tmut/Air       30%        N/A       58%         7
 Death's Door             Necr           12%        N/A       100%        9
 Fire Storm               Conj/Fire      12%        8d3       100%        9
 Polar Vortex             Ice            12%        N/A       100%        9


Dungeon Overview and Level Annotations

Branches:
Dungeon (1/1)

Altars:
Ashenzari
Cheibriados
Dithmenos
Elyvilon
Fedhas
Gozag
Hepliaklqana
Kikubaaqudgha
Makhleb
Nemelex Xobeh
Okawaru
Qazlal
Ru
Sif Muna
Trog
Uskayaw
Vehumet
Wu Jian
Xom
Yredelemnul
Zin
The Shining One
Beogh
Jiyva
Lugonu

Shops:
D :==**?**


Innate Abilities, Weirdness & Mutations

You have sharp claws.
You have razor-sharp teeth.
You have supernaturally acute eyesight. (SInv)
You cover ground quickly. (Speed+)
Your thick and shaggy fur keeps you warm. (AC +3, rC+)
Your paws help you pounce on unaware monsters.
You are incapable of wielding weapons or throwing items.
You cannot wear armour.
You gain extra lives every three experience levels.


Message History

The bolt of electricity hits the hellephant!!
The hellephant blinks!
Your lightning spire disappears in a puff of smoke!
The hellephant's magic is no longer disrupted.
The hellephant blinks!
You start resting.
A hellephant is nearby!
Aiming: Thunderbolt
Press: ? - help, Shift-Dir - straight line, f - you
Okay, then.
The hellephant blinks!
Okay, then.
You scratch the hellephant but do no damage.
You bite the hellephant, but do no damage.
The hellephant is severely wounded.
Casting: Monstrous Menagerie (dangerous; 1% risk of failure)
Confirm with . or Enter, or press ? or * to list all spells.
You blink.
Aiming: Thunderbolt
Press: ? - help, Shift-Dir - straight line, f - hellephant
Aim: a hellephant (severely wounded)
The thunderbolt hits the hellephant!
The hellephant is almost dead.
The hellephant blinks!
Aiming: Thunderbolt
Press: ? - help, Shift-Dir - straight line, f/p - hellephant
Aim: a hellephant (severely wounded)
The thunderbolt hits the hellephant!!
The hellephant is almost dead.
The hellephant barely misses you. You block the hellephant's attack.
The hellephant gores you.
Aiming: Thunderbolt
Press: ? - help, Shift-Dir - straight line, f/p - hellephant
Aim: a hellephant (almost dead)
The thunderbolt hits the hellephant!
The hellephant is almost dead.
The lightning rod overheats!
The hellephant tramples you!!!
Ouch! That really hurt!
You die...
Your body crumbles into a pile of gold.

#.#..........##..)'..#....#..##++
..[...........♣..['..$)..)...##..
################♣##.)))......##..
###################..#....#..##..
.................'$.....[....##..
.................$$....)..1..##D.
###############.$##..#)...#..##Y'
#.#.#.#)#.#.#.#..##..........''G.
.#.#.#|#.#.#.##.@##...o......c'..
#)#.#|#.#.#[#.#.Y####''####)'####
.#.#.#)#.#.#.##..###♣''####''####
#.#.#.#.#.#.#.#..##......##......
###############..##.♣)#♣.##..)...
[................##.#)|'.♣#..♣#♣#
.=...............##.'..#.##..♣)))
######''###########.#..'.##[.#)#)
######''###########.'.[#.##..#)))


You could see a hellephant.

Vanquished Creatures
  A death cob (D)
  A hydra (D)
  A merfolk avatar (D)
  A centaur warrior (D)
  An alligator (D)
  A skeletal warrior (D)
  A spriggan druid (D)
  A yaktaur (D)
  A jumping spider (D)
  A basilisk (D)
  A redback (D)
  3 wolves (D)
  A wight (D)
  A hell rat (D)
  A river rat (D)
  2 adder skeletons (D)
  An orc (D)
  A ball python (D)
21 creatures vanquished.

Vanquished Creatures (collateral kills)
  A profane servitor (D)
  2 bone dragons (D)
  A Brimstone Fiend (D)
  A Hell Sentinel (D)
  A sphinx (D)
  A nagaraja (D)
  A deep elf sorcerer (D)
  An emperor scorpion (D)
  An orc warlord (D)
  A draconian shifter (D)
  A green draconian (D)
  An apis (D)
  An ophan (D)
  2 deep elf demonologists (D)
  A black draconian (D)
  A deep elf annihilator (D)
  A yellow draconian (D)
  A deep elf death mage (D)
  An eidolon (D)
  A green death (D)
  A fire dragon (D)
  A yaktaur captain (D)
  A hell beast (D)
  An ice dragon (D)
  A vault guard (D)
  3 naga warriors (D)
  An ogre mage (D)
  2 hydras (D)
  A spriggan air mage (D)
  2 two-headed ogres (D)
  A death yak (D)
  Urug (D)
  A shadow wraith (D)
  4 deep elf knights (D)
  A skeletal warrior (D)
  2 sea snakes (D)
  2 swamp dragons (D)
  A wizard (D)
  A deep troll (D)
  A deep elf zephyrmancer (D)
  An orc sorcerer (D)
  10 orc knights (D)
  A wolf spider (D)
  An ugly thing (D)
  A moth of wrath (D)
  2 naga magi (D)
  2 rust devils (D)
  2 eyes of devastation (D)
  An unseen horror (D)
  3 kobold demonologists (D)
  An efreet (D)
  7 yaktaurs (D)
  3 wandering mushrooms (D)
  A troll (D)
  A merfolk (D)
  3 tyrant leeches (D)
  A wind drake (D)
  2 blink frogs (D)
  2 slime creatures (D)
  A tarantella (D)
  An air elemental (D)
  A spriggan (D)
  5 yaks (D)
  A ynoxinul (D)
  A fire bat (D)
  A wyvern (D)
  A wraith (D)
  2 fire elementals (D)
  2 small abominations (D)
  2 redbacks (D)
  A vampire mosquito (D)
  A warg (D)
  Edmund (D)
  8 orc warriors (D)
  4 ogres (D)
  2 wolves (D)
  A phantom (D)
  2 kobold brigands (D)
  2 necrophages (D)
  An earth elemental (D)
  A scorpion (D)
  2 wights (D)
  3 killer bees (D)
  An iron imp (D)
  A jelly (D)
  5 orc priests (D)
  A gnoll shaman (D)
  2 orc wizards (D)
  A hell rat (D)
  4 gnolls (D)
  An adder (D)
  A white imp (D)
  An ufetubus (D)
  2 adder zombies (D)
  10 orcs (D)
  A bat skeleton (D)
  A giant cockroach (D)
  A hobgoblin (D)
  A quokka (D)
  A ball python skeleton (D)
  A ball python zombie (D)
  2 frilled lizards (D)
  2 kobolds (D)
  A rat (D)
184 creatures vanquished.

Vanquished Creatures (others)
  Margery (D)
  A deep elf master archer (D)
  Polyphemus (D)
  A sphinx (D)
  2 nagarajas (D)
  A fire giant (D)
  2 orc warlords (D)
  2 deep elf sorcerers (D)
  A draconian stormcaller (D)
  A draconian annihilator (D)
  An ophan (D)
  A black draconian (D)
  An apis (D)
  2 deep elf annihilators (D)
  A minotaur (D)
  A purple draconian (D)
  A white draconian (D)
  A red draconian (D)
  2 deep elf death magi (D)
  A yaktaur captain (D)
  2 vault guards (D)
  An ice dragon (D)
  A spriggan air mage (D)
  An ogre mage (D)
  A merfolk avatar (D)
  5 two-headed ogres (D)
  2 spriggan berserkers (D)
  5 hell knights (D)
  A soul eater (D)
  2 skeletal warriors (D)
  A deep troll (D)
  A bog body (D)
  4 orc knights (D)
  3 necromancers (D)
  A cane toad (D)
  A rime drake (D)
  A freezing wraith (D)
  3 yaktaurs (D)
  A troll (D)
  2 tyrant leeches (D)
  A slime creature (D)
  A blink frog (D)
  A jumping spider (D)
  A flying skull (D)
  A ynoxinul (D)
  A fire elemental (D)
  A vampire (D)
  A steam dragon (D)
  2 neqoxecs (D)
  A vampire mosquito (D)
  A warg (D)
  A black bear (D)
  2 ogres (D)
  A mummy (D)
  A white imp (D)
  An adder simulacrum (D)
  2 orcs (D)
  A bat skeleton (D)
  A bat zombie (D)
  A goblin (D)
  3 snaplasher vines (D)
90 creatures vanquished.

Grand Total: 295 creatures vanquished

Notes
Turn   | Place    | Note
-------+----------+-------------------------------------------
     0 | D        | jt the Felid Summoner began the quest for the Orb.
     0 | D        | Reached XP level 1. HP: 7/7 MP: 4/4
    32 | D        | Reached skill level 5 in Summonings
    32 | D        | Reached XP level 2. HP: 11/11 MP: 2/7
    57 | D        | Found a glowing golden altar of the Shining One.
    57 | D        | Found a glowing silver altar of Zin.
    57 | D        | Found a basalt altar of Yredelemnul.
    57 | D        | Found a shimmering altar of Xom.
    57 | D        | Found an ornate altar of the Wu Jian Council.
    57 | D        | Found a bloodstained altar of Trog.
    57 | D        | Found a shimmering blue altar of Sif Muna.
    57 | D        | Found a sacrificial altar of Ru.
    57 | D        | Found a stormy altar of Qazlal.
    57 | D        | Found an iron altar of Okawaru.
    57 | D        | Found a sparkling altar of Nemelex Xobeh.
    57 | D        | Found a burning altar of Makhleb.
    57 | D        | Found a viscous altar of Jiyva.
    57 | D        | Found a hazy altar of Hepliaklqana.
    57 | D        | Found an opulent altar of Gozag.
    57 | D        | Found a blossoming altar of Fedhas.
    57 | D        | Found a white marble altar of Elyvilon.
    57 | D        | Found a shadowy altar of Dithmenos.
    57 | D        | Found a snail-covered altar of Cheibriados.
    58 | D        | Found a radiant altar of Vehumet.
    58 | D        | Found a corrupted altar of Lugonu.
    62 | D        | Learned a level 2 spell: Call Imp
    62 | D        | Found an ancient bone altar of Kikubaaqudgha.
    62 | D        | Found a hide-covered altar of Uskayaw.
    62 | D        | Found a broken altar of Ashenzari.
    64 | D        | Became a worshipper of Gozag Ym Sagoz the Greedy
   117 | D        | Reached XP level 3. HP: 14/14 MP: 5/9
   131 | D        | Reached skill level 6 in Summonings
   135 | D        | Learned a level 3 spell: Call Canine Familiar
   387 | D        | Noticed an ogre
   387 | D        | Noticed a wight
   423 | D        | Killed a wight
   424 | D        | Reached skill level 5 in Spellcasting
   424 | D        | Reached skill level 7 in Summonings
   424 | D        | Reached XP level 4. HP: 18/18 MP: 0/12
   430 | D        | Killed an ogre
   431 | D        | Reached skill level 8 in Summonings
   431 | D        | Reached XP level 5. HP: 21/21 MP: 1/15
   436 | D        | Learned a level 3 spell: Summon Guardian Golem
   441 | D        | Learned a level 4 spell: Summon Lightning Spire
   454 | D        | Noticed an ogre
   461 | D        | Noticed an ogre
   476 | D        | Reached skill level 9 in Summonings
   477 | D        | Killed an ogre
   478 | D        | Reached skill level 10 in Summonings
   478 | D        | Gained mutation: You are covered in thick fur. (AC +2)
                  | [Felid growth]
   478 | D        | Reached XP level 6. HP: 24/24 MP: 1/18
   496 | D        | Reached skill level 11 in Summonings
   525 | D        | Reached skill level 10 in Spellcasting
   525 | D        | Reached XP level 7. HP: 27/27 MP: 5/21
   646 | D        | Reached skill level 1 in Air Magic
   651 | D        | Noticed a tyrant leech
   661 | D        | Killed a tyrant leech
   662 | D        | Reached skill level 5 in Hexes
   662 | D        | Reached skill level 12 in Summonings
   733 | D        | Reached XP level 8. HP: 31/31 MP: 7/23
   843 | D        | Noticed a bog body
   870 | D        | Killed a bog body
   871 | D        | Reached skill level 13 in Summonings
   951 | D        | Noticed an unseen horror
   966 | D        | Killed an unseen horror
   967 | D        | Reached skill level 14 in Summonings
  1113 | D        | Noticed a rime drake
  1113 | D        | Noticed an orc knight
  1126 | D        | Reached XP level 9. HP: 34/34 MP: 17/24
  1133 | D        | Killed a rime drake
  1134 | D        | Reached skill level 15 in Summonings
  1152 | D        | Killed an orc knight
  1153 | D        | Reached skill level 16 in Summonings
  1232 | D        | Bought the ring "Fixu" {rF++ Will++ MP+9 Dex-4} for 623
                  | gold pieces
  1290 | D        | Noticed a sea snake
  1291 | D        | Noticed a wolf spider
  1291 | D        | Noticed a troll
  1298 | D        | Killed a troll
  1306 | D        | Reached skill level 17 in Summonings
  1308 | D        | Killed a sea snake
  1312 | D        | Killed a wolf spider
  1313 | D        | Reached skill level 18 in Summonings
  1313 | D        | Reached XP level 10. HP: 36/37 MP: 15/25
  1419 | D        | Noticed Urug
  1446 | D        | Reached skill level 19 in Summonings
  1446 | D        | Killed Urug
  1593 | D        | Reached skill level 20 in Summonings
  1594 | D        | Noticed a cane toad
  1595 | D        | Reached skill level 1 in Fighting
  1595 | D        | Reached skill level 1 in Unarmed Combat
  1598 | D        | Killed a cane toad
  1683 | D        | Reached skill level 5 in Dodging
  1683 | D        | Noticed a five-headed hydra
  1683 | D        | Noticed an orc knight
  1690 | D        | Killed a five-headed hydra
  1694 | D        | Killed an orc knight
  1717 | D        | Reached XP level 11. HP: 46/46 MP: 20/26
  1740 | D        | Reached skill level 5 in Fighting
  1740 | D        | Reached skill level 5 in Unarmed Combat
  1856 | D        | Noticed a sea snake
  1863 | D        | Killed a sea snake
  1937 | D        | Noticed Edmund
  1938 | D        | Noticed an emperor scorpion
  1940 | D        | Killed Edmund
  1949 | D        | Noticed a death yak
  1964 | D        | Killed an emperor scorpion
  1965 | D        | Reached skill level 21 in Summonings
  1971 | D        | Killed a death yak
  1972 | D        | Reached skill level 10 in Dodging
  2199 | D        | Bought a scroll of blinking for 112 gold pieces
  2199 | D        | Bought a scroll of blinking for 112 gold pieces
  2201 | D        | Bought a scroll labelled MICEXINERIO for 30 gold pieces
  2201 | D        | Bought a scroll labelled MICEXINERIO for 30 gold pieces
  2201 | D        | Bought a glowing grey potion for 27 gold pieces
  2224 | D        | Noticed an orc knight
  2235 | D        | Killed an orc knight
  2273 | D        | Noticed a merfolk avatar
  2280 | D        | Noticed a shadow wraith
  2298 | D        | Killed a shadow wraith
  2307 | D        | Killed a merfolk avatar
  2349 | D        | Bought the ring "Dusim" {Fly rN+ Dex+10 Slay+4 Stlth-} for
                  | 1721 gold pieces
  2410 | D        | Noticed a deep troll
  2420 | D        | Killed a deep troll
  2430 | D        | Gained mutation: Your thick and shaggy fur keeps you warm.
                  | (AC +3, rC+) [Felid growth]
  2430 | D        | Reached XP level 12. HP: 57/57 MP: 27/27
  2559 | D        | Noticed a yaktaur captain
  2591 | D        | Noticed an eight-headed hydra
  2601 | D        | Killed an eight-headed hydra
  2602 | D        | Reached skill level 22 in Summonings
  2624 | D        | Reached skill level 10 in Unarmed Combat
  2632 | D        | Killed a yaktaur captain
  2633 | D        | Reached skill level 10 in Fighting
  2795 | D        | Noticed an orc warlord
  2807 | D        | Killed an orc warlord
  3012 | D        | Noticed a hell beast
  3026 | D        | Killed a hell beast
  3125 | D        | Noticed a naga warrior
  3138 | D        | Killed a naga warrior
  3276 | D        | Noticed a vault guard
  3297 | D        | Reached skill level 15 in Dodging
  3299 | D        | Killed a vault guard
  3596 | D        | Noticed a yaktaur captain
  3622 | D        | Killed a yaktaur captain
  3623 | D        | Reached XP level 13. HP: 52/64 MP: 26/30
  3888 | D        | Noticed an orc warlord
  3905 | D        | Killed an orc warlord
  3959 | D        | Reached skill level 23 in Summonings
  4199 | D        | Noticed an orc warlord
  4216 | D        | Killed an orc warlord
  4244 | D        | Found the +15 Maxwell's patent armour {-Cast -Tele rElec
                  | Will+ rCorr}
  4515 | D        | Bought a lightning rod (4/4) for 330 gold pieces
  4703 | D        | Got the Grimoire of Enchantment
  4781 | D        | Noticed a death cob
  4799 | D        | Annihilated by a death cob
  4800 | D        | Reached XP level 12. HP: -23/63 MP: 22/40
  4805 | D        | Killed a death cob
  4853 | D        | Noticed a deep elf death mage
  4874 | D        | Killed a deep elf death mage
  4882 | D        | Killed a ghostly deep elf death mage
  4922 | D        | Bought a potion of brilliance for 56 gold pieces
  4922 | D        | Bought a potion of might for 56 gold pieces
  4922 | D        | Bought a potion of curing for 42 gold pieces
  4922 | D        | Bought a potion of might for 56 gold pieces
  4922 | D        | Bought a potion of invisibility for 112 gold pieces
  4922 | D        | Bought a potion of brilliance for 56 gold pieces
  4922 | D        | Bought a potion of magic for 112 gold pieces
  4924 | D        | Bought a wand of paralysis (6) for 120 gold pieces
  4924 | D        | Bought a box of beasts for 600 gold pieces
  4933 | D        | Noticed a black draconian
  5015 | D        | Noticed Polyphemus
  5033 | D        | Noticed a minotaur
  5035 | D        | HP: 3/63 [Polyphemus/large rock (39)]
  5036 | D        | Killed Polyphemus
  5037 | D        | Reached skill level 1 in Evocations
  5037 | D        | Hit by a javelin thrown by a minotaur
  5038 | D        | Reached XP level 11. HP: -5/59 MP: 25/39
  5075 | D        | Killed a minotaur
  5119 | D        | Identified the +9 morningstar of Ancient Evil {vorpal,
                  | rPois rF+ rC+ Dex-5}
  5119 | D        | Noticed a deep elf annihilator
  5136 | D        | Killed a deep elf annihilator
  5137 | D        | Reached XP level 12. HP: 63/63 MP: 29/31
  5212 | D        | Bought an amulet of reflection for 480 gold pieces
  5298 | D        | Paralysed by an air elemental for 1 turns
  5303 | D        | Paralysed by an air elemental for 1 turns
  5581 | D        | Noticed an eidolon
  5614 | D        | Killed an eidolon
  5673 | D        | Noticed a centaur warrior
  5679 | D        | Killed a centaur warrior
  5765 | D        | Noticed a sphinx
  5782 | D        | Killed a sphinx
  5783 | D        | Reached skill level 5 in Evocations
  5851 | D        | Learned a level 3 spell: Tukima's Dance
  5853 | D        | Noticed a nagaraja
  5872 | D        | Killed a nagaraja
  5873 | D        | Reached skill level 15 in Spellcasting
  5873 | D        | Reached skill level 24 in Summonings
  5887 | D        | Noticed a yellow draconian
  5903 | D        | Killed a yellow draconian
  5925 | D        | Noticed a sphinx
  5940 | D        | Killed a sphinx
  6049 | D        | Noticed a deep elf demonologist
  6056 | D        | Killed a deep elf demonologist
  6419 | D        | Noticed a deep elf sorcerer
  6423 | D        | Noticed a white draconian stormcaller
  6426 | D        | Killed a deep elf sorcerer
  6453 | D        | Noticed a nagaraja
  6463 | D        | Noticed a deep elf sorcerer
  6477 | D        | Noticed a yellow draconian annihilator
  6481 | D        | Noticed an ancient lich
  6488 | D        | Noticed a green draconian
  6488 | D        | Noticed a deep elf death mage
  6496 | D        | Killed a green draconian
  6497 | D        | Reached skill level 15 in Unarmed Combat
  6499 | D        | Reached skill level 15 in Fighting
  6543 | D        | Noticed a deep elf annihilator
  6554 | D        | Got the amulet "Wook" {RegenMP rCorr Int+5}
  6557 | D        | Got the amulet of the Scavenger {RegenMP rF+ Slay+2}
  6561 | D        | Got the amulet "Tixeofabo" {RegenMP rElec rCorr Dex-3 SInv}
  6563 | D        | Got the amulet of Eternity {RegenMP rCorr Str-3 Int+7
                  | Dex-2}
  6565 | D        | Got the amulet of Etinatyi {Reflect +Inv Str+7 Int-2 Dex-2
                  | SH+5}
  6567 | D        | Got the ring "Cath" {rF+ Will+ Str+6 Int+4}
  6569 | D        | Got the amulet "Devei" {rC+ rN+ Regen+ Slay-6}
  6571 | D        | Got the ring of the Keeping King {rF+ Int+2}
  6573 | D        | Got the amulet "Myerr" {Reflect Harm SH+5}
  6576 | D        | Got the ring "Beutahuhes" {Str+4 Dex+3 SInv}
  6578 | D        | Got the ring "Loxothrach" {Drain rC+ rCorr Slay+5}
  6580 | D        | Got the amulet "Wicukk" {Spirit Rampage rC+ Int-3}
  6582 | D        | Got the ring of the King {rF+ rN+ Will+ AC+4 Dex+2}
  6584 | D        | Got the amulet of Ylides {Reflect Int+8 Dex-5 SH+5}
  6593 | D        | Killed a deep elf death mage
  6598 | D        | Got the ring "Riolon" {rElec rN+ Str-4 Dex+2}
  6599 | D        | Killed a ghostly deep elf death mage
  6600 | D        | Got the ring "Qadwisoi" {rPois Will+}
  6602 | D        | Got the ring of Kisos {Drain Fly rCorr Int+6}
  6605 | D        | Got the ring of Equilibrium {Wiz rElec Will- rCorr Dex+4}
  6607 | D        | Got the ring of Xuyt {rPois rF- Dex+6 SInv}
  6609 | D        | Got the ring "Pauph" {Fly rC+ Int+2}
  6611 | D        | Got the ring "Riess" {Fly rN+ EV+6 Dex+3}
  6613 | D        | Got the ring of Paranoia {rF- Will+ Str+2 Int+7 Dex+4}
  6615 | D        | Got the ring of Ahuupn {Str+3 Int+6}
  6618 | D        | Got the ring of the Country {rF+ rN+}
  6620 | D        | Got the ring "Lumuus" {rPois Will+}
  6625 | D        | Killed a deep elf sorcerer
  6626 | D        | Got the ring of Coejoh {EV+6 Str+4}
  6628 | D        | Got the ring "Cihiud" {AC+6 Str+4 Int-5 Dex+3 SInv}
  6630 | D        | Got the ring of Jephamuila {Fire *Slow rPois rN++ rCorr}
  6642 | D        | Got Mixipseup's Papyrus of Warped Sinister Magic
  6650 | D        | Got Cerotz's Early Guide to Thaumaturgy
  6652 | D        | Got the Almanac of Dark Arts
  6655 | D        | Got Sif Muna's Guide on Floating Transformation
  6666 | D        | Got the Handbook of Attacks and Envenoming
  6684 | D        | Learned a level 5 spell: Summon Mana Viper
  6692 | D        | Learned a level 7 spell: Monstrous Menagerie
  6698 | D        | Learned a level 5 spell: Summon Forest
  6776 | D        | Noticed an ophan
  6811 | D        | Reached skill level 1 in Translocations
  6828 | D        | Reached XP level 13. HP: 26/69 MP: 33/33
  6831 | D        | Learned a level 2 spell: Blink
  6842 | D        | Learned a level 5 spell: Yara's Violent Unravelling
  6842 | D        | Noticed a deep elf demonologist
  6855 | D        | Killed a deep elf demonologist
  7308 | D        | Reached skill level 5 in Translocations
  7310 | D        | Noticed a bone dragon
  7323 | D        | Killed a white draconian
  7346 | D        | Killed an ophan
  7347 | D        | Killed a bone dragon
  7364 | D        | Noticed a purple draconian
  7405 | D        | Noticed a nagaraja
  7422 | D        | Noticed a deep elf annihilator
  7446 | D        | Killed a deep elf annihilator
  7468 | D        | Noticed an apis
  7474 | D        | Killed an apis
  7539 | D        | Noticed a deep elf death mage
  7543 | D        | Noticed a purple draconian shifter
  7556 | D        | Killed a deep elf death mage
  7578 | D        | Noticed a profane servitor
  7583 | D        | Noticed a deep elf master archer
  7583 | D        | Noticed a green death
  7583 | D        | Noticed a Hell Sentinel
  7585 | D        | Killed a green death
  7586 | D        | Noticed Margery
  7590 | D        | Noticed a red draconian
  7592 | D        | Killed a black draconian
  7596 | D        | Killed an apis
  7596 | D        | Killed a red draconian
  7600 | D        | Killed a deep elf sorcerer
  7603 | D        | Killed a fire giant
  7603 | D        | Killed a nagaraja
  7624 | D        | Killed a Hell Sentinel
  7771 | D        | Killed a deep elf annihilator
  7888 | D        | Killed a black draconian
  7889 | D        | Reached skill level 1 in Transmutations
  8074 | D        | Killed a purple draconian shifter
  8521 | D        | Killed a profane servitor
  8530 | D        | Noticed a bone dragon
  8531 | D        | Noticed an ophan
  8545 | D        | Noticed a hellephant
  8592 | D        | Killed a bone dragon
  8593 | D        | Reached skill level 10 in Air Magic
  8593 | D        | Reached skill level 10 in Evocations
  8597 | D        | Killed an ophan
  8620 | D        | Killed a yellow draconian annihilator
  9012 | D        | Noticed a Brimstone Fiend
  9056 | D        | Killed Margery
  9299 | D        | Killed a Brimstone Fiend
  9300 | D        | Reached skill level 25 in Summonings
  9300 | D        | Reached skill level 10 in Translocations
  9450 | D        | Noticed a fire dragon
  9465 | D        | Killed a fire dragon
  9494 | D        | Mangled by a hellephant

Illustrated notes

Levels and vault maps discovered:
D:        pitsprint [storerooms_1, entrance_room_1, metal_vault_1, armoury_3,
          mini_pit_1, grid_room_1, main_hall_1, silver_pit, the_coven_1,
          the_vestibule_1, steel_vault_2, golden_pit, hallway_of_sentries,
          crystal_vault_1, iron_vault_1, final_vault]

Skill      XL: |  1  2  3  4  5  6  7  8  9 10 11 12 13 |
---------------+----------------------------------------+-----
Spellcasting   | 3 4 5 7 8 10 15 16 | 16.6
Summonings     | 5 7 8 10 11 12 14 18 20 21 24 25 | 25.1
Hexes          | 7 8 |  8.0
Air Magic      | 4 8 10 | 10.5
Fighting       | 4 9 15 13 | 15.5
Dodging        | 7 12 19 17 | 19.2
Unarmed Combat | 4 9 15 13 | 15.0
Evocations     | 3 7 10 | 10.8
Translocations | 2 10 | 10.0
Transmutations | 4 |  4.6
Stealth        | |  2.6

Action                   |  1- 3 |  4- 6 |  7- 9 | 10-12 | 13-15 || total
-------------------------+-------+-------+-------+-------+-------++-------
Melee: Unarmed           |    11 |     1 |     4 |    34 |    10 ||    60
       Bite              |       |       |       |     5 |     2 ||     7
       Punch             |       |       |       |     1 |     1 ||     2
 Cast: Summon Small Mamm |     9 |       |     4 |     9 |       ||    22
       Call Imp          |     6 |       |     5 |    26 |     3 ||    40
       Call Canine Famil |     2 |     3 |    12 |    47 |    19 ||    83
       Summon Guardian G |       |       |    10 |    57 |    23 ||    90
       Summon Lightning  |       |       |     4 |    63 |    18 ||    85
       Monstrous Menager |       |       |       |     1 |    42 ||    43
       Tukima's Dance    |       |       |       |     1 |       ||     1
       Summon Forest     |       |       |       |       |    10 ||    10
       Summon Mana Viper |       |       |       |       |     8 ||     8
       Blink             |       |       |       |       |     3 ||     3
Invok: Call Merchant     |       |       |     1 |     7 |     1 ||     9
       Bribe Branch      |       |       |       |     1 |       ||     1
Evoke: Condenser vane    |       |       |       |     2 |     2 ||     4
       Lightning rod     |       |       |       |     2 |    11 ||    13
       Box of beasts     |       |       |       |     1 |       ||     1
  Use: Potion            |     2 |       |       |     1 |     6 ||     9
       Scroll            |       |     1 |       |     4 |     3 ||     8
 Stab: Sleeping          |     1 |       |       |     1 |       ||     2
Armor: Skin              |       |       |     2 |     3 |     1 ||     6
Dodge: Dodged            |    13 |     1 |    14 |    62 |    41 ||   131
Block: Other             |       |       |       |     7 |     7 ||    14
       Reflection        |       |       |       |       |     3 ||     3

Table legend: (Time is in decaauts)
 A = Elapsed time spent in this place.
 B = Non-inter-level travel time spent in this place.
 C = Inter-level travel time spent in this place.
 D = Time resting spent in this place.
 E = Time spent auto-exploring this place.
 F = Levels seen in this place.
 G = Mean time per level.
                   A        B        C        D        E       F      G
               +--------+--------+--------+--------+--------+-----+--------+
         Total |   8774 |   8360 |    414 |   4010 |      4 |   1 | 8774.0 |
       Dungeon |   8774 |   8360 |    414 |   4010 |      4 |   1 | 8774.0 |
               +--------+--------+--------+--------+--------+-----+--------+

Top non-repeatable levels by time:
       D: 8774 daAuts
